 Dungeon Crawl Stone Soup version 0.29.0-4-gdea44cf6ec (webtiles) character file.

Game seed: 2360043231715867030

221224 qw the Peltast (level 18, -16/267 HPs)
             Began as a Minotaur Berserker on Sept 6, 2022.
             Was a High Priest of Trog.
             Killed from afar by an ironbound frostheart (22 damage)
             ... by creeping frost
             ... on level 1 of the Vaults.
             The game lasted 00:14:23 (36215 turns).

qw the Peltast (Minotaur Berserker)                Turns: 36215, Time: 00:14:23

Health: -16/267    AC: 26    Str: 32    XL:     18   Next: 49%
Magic:  17/17      EV: 16    Int:  4    God:    Trog [*****.]
Gold:   1195       SH: 25    Dex: 14    Spells: 17/17 levels left

rFire   + + +      SeeInvis +   x - +6 war axe "Zilarph" {drain, Contam rC+ SInv}
rCold   + . .      Faith    .   t - +4 tower shield "Waylej" {Str+4 Dex+2}
rNeg    + + .      Spirit   .   m - +4 plate armour {rF+}
rPois   +          Reflect  .   q - +2 hat
rElec   .          Harm     .   k - +2 cloak
rCorr   .          Rampage  .   c - +1 pair of gloves "Dakiak" {Int+2}
Will    ++...                   j - +2 pair of boots of the Unseen Realm {rF++ rN++ Int-2}
Stlth   ..........              d - amulet of regeneration
HPRegen 1.34/turn               g - ring of poison resistance
MPRegen 0.15/turn               B - +4 ring of evasion

@: berserking (expiring), frozen, corroded, very quick
A: horns 2, retaliatory headbutt, hooves 1, strong-willed 1, wild magic 1, no
potion heal 1, inability to read after injury 1
}: 1/15 runes: serpentine
a: Renounce Religion, Berserk, Trog's Hand, Brothers in Arms


You were on level 1 of the Vaults.
You worshipped Trog.
Trog was extremely pleased with you.
You visited 6 branches of the dungeon, and saw 30 of its levels.
You visited the Abyss 1 time.
You also visited: Sewer and Gauntlet.

You collected 3420 gold pieces.
You spent 2225 gold pieces at shops.


Innate Abilities, Weirdness & Mutations

You have a pair of horns on your head.
You reflexively headbutt those who attack you in melee.
You have large cloven feet.
You are strong-willed. (Will+)
Your spells are a little harder to cast, but a little more powerful.
Potions are less effective at restoring your health.
You occasionally lose the ability to read scrolls when taking damage.


   Skills:
 - Level 20.0 Fighting
 - Level 18.1 Axes
 - Level 9.0 Throwing
 - Level 18.0 Armour
 - Level 11.0 Dodging
 + Level 20.5 Shields


You had 17 spell levels left.
You didn't know any spells.
Your spell library was empty.

Inventory:

Hand Weapons
 x - the +6 war axe "Zilarph" (weapon) {drain, Contam rC+ SInv}
   (You acquired it on level 4 of the Lair of Beasts)

   A truly terrible weapon, it drains the life of any living foe it strikes.
   rC:        It protects you from cold.
   SInv:      It lets you see invisible.
   Contam:    It causes magical contamination when unequipped.
 E - a +0 vampiric war axe
Missiles
 p - 4 javelins (quivered)
 r - 38 boomerangs
 z - 3 silver boomerangs
Armour
 a - a +4 plate armour of poison resistance
 c - the +1 pair of gloves "Dakiak" (worn) {Int+2}
   (You acquired it in a sewer)

   Int:       It affects your intelligence (+2).
 j - the +2 pair of boots of the Unseen Realm (worn) {rF++ rN++ Int-2}
   (You found it in a Gauntlet)

   Int:       It affects your intelligence (-2).
   rF:        It greatly protects you from fire.
   rN:        It greatly protects you from negative energy.
 k - a +2 cloak (worn)
 m - a +4 plate armour of fire resistance (worn)
 q - a +2 hat (worn)
 t - the +4 tower shield "Waylej" (worn) {Str+4 Dex+2}
   (You acquired it on level 13 of the Dungeon)

   Str:       It affects your strength (+4).
   Dex:       It affects your dexterity (+2).
 C - a +2 pair of gloves
Jewellery
 d - an amulet of regeneration (around neck)
 e - a ring of protection from fire
 f - the ring of the Original Sin {MP+9 Int+2 SInv}
   (You took it off a minotaur in a Gauntlet)

   [ring of magical power]

   Int:       It affects your intelligence (+2).
   MP:        It affects your magic capacity (+9).
   SInv:      It lets you see invisible.
 g - a ring of poison resistance (left hand)
 s - a ring of protection from fire
 B - a +4 ring of evasion (right hand)
 Y - a +6 ring of strength
Wands
 y - a wand of digging (12)
Scrolls
 n - 8 scrolls of identify
 o - 8 scrolls of teleportation
 w - 2 scrolls of enchant weapon
Potions
 b - 13 potions of haste
 h - 12 potions of curing
 i - a potion of resistance
 l - 2 potions of heal wounds
 v - 5 potions of might
 A - 2 potions of cancellation

Dungeon Overview and Level Annotations

Branches:
Dungeon (15/15)            Temple (0/1) D:7            Lair (5/5) D:9
  Swamp (3/4) Lair:2        Snake (4/4) Lair:2        Slime (0/5) Lair:4
    Orc (2/2) D:12            Elf (0/3) Orc:2        Vaults (1/5) D:13
 Depths (0/4) D:15          Sewer (visited)         Gauntlet (visited)

Altars:
Ashenzari
Dithmenos
Elyvilon
Nemelex Xobeh

Shops:
Orc:1 =[*   Orc:2 ([:?   Snake:2 *

Annotations:
D:14 2 transporters, Qymaymp's ghost, adept GrEE
Vaults:1 3 runed translucent doors, Tang's ghost, master DsGl


Message History

You hit the great orb of eyes but do no damage.
You slash the great orb of eyes! You headbutt the great orb of eyes!
The great orb of eyes is moderately wounded.
The ironbound frostheart calls freezing cold from the walls.
The frost grips you! You partially resist.
The great orb of eyes bites you but does no damage.
You slice the great orb of eyes!! You headbutt the great orb of eyes!
The great orb of eyes is almost dead.
You slash the great orb of eyes!
You kill the great orb of eyes!
Trog accepts your kill.
You slice the ironbound preserver simulacrum!!
You hit the ironbound frostheart simulacrum.
A freezing mist starts to gather...
A great orb of eyes simulacrum comes into view.
You slash the ironbound preserver simulacrum!
The ironbound preserver simulacrum is almost destroyed.
You slash the ironbound frostheart simulacrum!
You completely miss the great orb of eyes simulacrum.
The ice encasing you melts away.
You block the ironbound frostheart simulacrum's attack.
You block the ironbound preserver simulacrum's attack.
You slash the ironbound preserver simulacrum!
The ironbound preserver simulacrum vaporises!
You slash the ironbound frostheart simulacrum!
You hit the great orb of eyes simulacrum but do no damage.
The entropy weaver's soul is no longer bound.
The ironbound frostheart calls freezing cold from the walls.
The frost grips you!! You partially resist.
You are encased in ice.
You slash the ironbound frostheart simulacrum!
The ironbound frostheart simulacrum vaporises!
You hit the great orb of eyes simulacrum.
You block the great orb of eyes simulacrum's attack.
You slash the great orb of eyes simulacrum!
The great orb of eyes simulacrum is moderately damaged.
The ironbound frostheart's soul is no longer bound.
The ironbound frostheart calls freezing cold from the walls.
The frost grips you!! You partially resist.
You die...

#.....#.8#####
#.....#..#.... #
#.....#..#.o## ##.
#.....#..#..#8 #...
#.....#..#o.# .....
#.....#..#o#
....Zp#0....#..+o#oo
....spZ@0...'..+.#W8
....pB#.....#..+o#o.
....G #.....#..#.#
.... #..(..#..#o.#
... #.....#..#..#8
#. #.....#..#..## #
#.....#..#.o..
#.....#.8#####
#.....#


You could see an ironbound preserver (soul bound, drained), an entropy weaver, a
great orb of eyes (soul bound), an ironbound frostheart, a necromancer, a
redback (soul bound), a great orb of eyes simulacrum and an ironbound preserver
simulacrum.

Vanquished Creatures
  Vashnia (Snake:4)
  Jorgrun (D:14)
  Rupert (Orc:2)
  Mlioglotl (Snake:1)
  Asterion (Snake:2)
  Gastronok (D:9)
  A thorn hunter (Swamp:3)
  Agnes (Snake:2)
  Roxanne (Snake:2)
  4 nagarajas
  4 vault wardens (Vaults:1)
  An orc warlord (Orc:2)
  Louise (Swamp:2)
  5 ironbound preservers (Vaults:1)
  A very ugly thing (Vaults:1)
  A stone giant (D:15)
  3 eleionomae
  5 slime creatures
  5 dire elephants (Vaults:1)
  3 bunyips
  A minotaur (Gauntlet)
  An entropy weaver (Vaults:1)
  A blizzard demon (Abyss:2)
  Josephine (Lair:3)
  4 great orbs of eyes (Vaults:1)
  A yaktaur captain (Vaults:1)
  3 vault guards (D:13)
  Fannar (Lair:2)
  10 hydras
  Erica (D:8)
  3 catoblepae (Lair:5)
  14 naga warriors
  2 salamander tyrants
  2 two-headed ogres
  12 centaur warriors
  7 alligators
  An ironbound frostheart (Vaults:1)
  14 anacondas
  4 tengu warriors
  5 death yaks (Lair:5)
  Urug (Lair:2)
  A thrashing horror (Abyss:2)
  2 orc high priests (Orc:2)
  7 shock serpents
  6 naga sharpshooters
  A hell knight (Abyss:2)
  5 spriggans
  3 skeletal warriors (D:12)
  A soul eater (D:11)
  3 wretched stars (Abyss:2)
  2 spriggan druids (Swamp:1)
  7 goliath frogs
  6 sea snakes (Snake:2)
  A sixfirhy (Gauntlet)
  5 deep trolls (Vaults:1)
  8 salamander mystics
  2 starcursed masses (Abyss:2)
  Pikel (D:7)
  6 bog bodies
  5 naga ritualists
  2 wizards
  2 swamp dragons (Swamp:2)
  A deep elf pyromancer (D:14)
  9 mana vipers
  An oklob plant (Lair:5)
  An ironbound convoker (Vaults:1)
  3 orc knights
  4 orc sorcerers
  A lindwurm (Vaults:1)
  4 ugly things
  7 cyclopes
  A moth of wrath (shapeshifter) (D:15)
  A will-o-the-wisp (Abyss:2)
  14 salamanders
  A worldbinder (Abyss:2)
  3 manticores
  12 elephants
  Maurice (D:11)
  12 guardian serpents
  15 naga magi
  35 black mambas
  12 cane toads
  3 vault sentinels (Vaults:1)
  A gargoyle (D:7)
  Maggie (D:7)
  2 freezing wraiths
  2 rime drakes (Lair:3)
  2 efreet
  A rime drake (shapeshifter) (D:15)
  8 yaktaurs (Vaults:1)
  4 kobold demonologists
  A hellwing (D:11)
  An ancient zyme (Abyss:2)
  A komodo dragon (Lair:2)
  10 trolls
  A red devil (D:11)
  2 queen bees
  4 tyrant leeches (Swamp:2)
  A bloated husk (Swamp:2)
  A harpy skeleton (Abyss:2)
  3 meliai (D:15)
  Prince Ribbit (D:7)
  5 hornets
  A blink frog (shapeshifter) (D:13)
  6 raiju (Abyss:2)
  10 blink frogs
  10 dream sheep
  Sigmund (D:2)
  A ynoxinul (Abyss:2)
  A centaur simulacrum (D:14)
  2 shadows (D:12)
  51 yaks
  4 wraiths (Lair:3)
  A yak (shapeshifter) (D:13)
  3 fire elementals (Gauntlet)
  2 large abominations (Abyss:2)
  4 wyverns
  A human (D:13)
  2 steam dragons (D:7)
  2 chaos spawn (Abyss:2)
  6 vampire mosquitoes
  2 basilisks
  9 swamp worms
  34 nagas
  5 wargs
  3 acid dragons
  A hell hound (Gauntlet)
  18 water moccasins
  Duvessa (D:5)
  Pargi (Sewer)
  12 swamp drakes
  3 ice beasts
  3 black bears
  33 orc warriors
  5 ogres
  3 sky beasts
  19 wolves
  2 lemures (D:7)
  A phantom (D:4)
  17 centaurs
  8 kobold brigands
  2 necrophages
  11 bullfrogs
  4 scorpions
  Dowan (D:5)
  27 killer bees
  5 howler monkeys
  8 electric eels
  A crimson imp (Abyss:2)
  A jelly (D:6)
  A quasit (D:11)
  16 orc priests
  2 hounds (D:6)
  2 gnoll boudas
  4 iguanas
  5 hell rats (Lair:5)
  24 orc wizards
  3 small abominations (Abyss:2)
  23 gnolls
  5 adders
  2 river rats (D:4)
  2 shadow imps
  7 white imps
  4 ufetubi (Gauntlet)
  2 worms
  2 dart slugs (D:1)
  112 orcs
  7 ball pythons
  5 bats
  5 endoplasms
  6 giant cockroaches
  4 goblins
  3 hobgoblins
  2 jackals (D:1)
  5 quokkas
  3 frilled lizards
  31 kobolds
  4 rats
  A briar patch (Swamp:3)
  2 butterflies (Lair:5)
1042 creatures vanquished.

Vanquished Creatures (collateral kills)
  2 nagarajas (Snake:2)
  Aizul (Snake:1)
  An orc warlord (Orc:2)
  An entropy weaver (Vaults:1)
  A naga warrior (Snake:4)
  A naga sharpshooter (Snake:4)
  A deep troll (Vaults:1)
  A naga ritualist (Snake:4)
  A salamander (Snake:4)
  A black mamba (Snake:4)
  A naga mage (Snake:4)
  A cane toad (Lair:5)
  A komodo dragon (Lair:5)
  3 redbacks (Vaults:1)
  A warg (Orc:2)
  A naga (Snake:1)
  An orc warrior (Orc:2)
  A centaur (D:7)
  An orc priest (Orc:2)
  An orc wizard (Orc:2)
  A hell rat (Lair:5)
  2 orcs (Orc:2)
26 creatures vanquished.

Vanquished Creatures (others)
  A bloated husk (Swamp:1)
  2 demonic plants (D:11)
  4 foxfires (Abyss:2)
  30 fungi
  70 plants
  2 starspawn tentacles (Snake:1)
  4 toadstools (D:1)
113 creatures vanquished.

Grand Total: 1181 creatures vanquished

Notes
Turn   | Place    | Note
-------+----------+-------------------------------------------
     0 | D:1      | qw the Minotaur Berserker began the quest for the Orb.
     0 | D:1      | Reached XP level 1. HP: 19/19 MP: 0/0
     0 | D:1      | 0 ||| qw: Version: 0.1-a-108-g9e35731
     0 | D:1      | 0 ||| qw: Game counter: 6255
     0 | D:1      | 0 ||| qw: Always use a shield: true
     0 | D:1      | 0 ||| qw: Do Orc after D:15 true
     0 | D:1      | 0 ||| qw: Do second Lair branch before Depths: true
     0 | D:1      | 0 ||| qw: Lair rune preference: random
     0 | D:1      | 0 ||| qw: Plans: Normal
     0 | D:1      | 0 ||| PLANNING D:1-11
    32 | D:1      | 32 ||| Stepping ~*~*~tactically~*~*~ (stealth).
    82 | D:1      | Reached XP level 2. HP: 26/26 MP: 1/1
   154 | D:1      | Found a faded altar of an unknown god.
   250 | D:1      | 250 ||| Stepping ~*~*~tactically~*~*~ (stealth).
   547 | D:1      | 547 ||| UPGRADING to amulet of regeneration.
   552 | D:1      | 552 ||| READING scroll labelled LAIHUX WIKOXT.
   553 | D:1      | 553 ||| READING scroll labelled TIALAXK JEPTUA.
   554 | D:1      | 554 ||| READING scroll labelled HUGRUU YKIMM.
   555 | D:1      | 555 ||| Stepping randomly (stuck).
   556 | D:1      | 556 ||| Stepping ~*~*~tactically~*~*~ (cloud).
   660 | D:2      | Reached XP level 3. HP: 31/31 MP: 2/2
   678 | D:2      | Reached ** piety under Trog
   731 | D:2      | Noticed Sigmund
   733 | D:2      | 733 ||| Stepping ~*~*~tactically~*~*~ (hiding).
   734 | D:2      | 734 ||| Stepping ~*~*~tactically~*~*~ (hiding).
   735 | D:2      | 735 ||| Stepping ~*~*~tactically~*~*~ (hiding).
   736 | D:2      | 736 ||| Stepping ~*~*~tactically~*~*~ (hiding).
   740 | D:2      | 740 ||| INVOKING Berserk.
   744 | D:2      | Killed Sigmund
   745 | D:2      | Reached XP level 4. HP: 39/39 MP: 3/3
   745 | D:2      | Reached XP level 5. HP: 45/45 MP: 4/4
   754 | D:2      | 754 ||| Stepping ~*~*~tactically~*~*~ (stealth).
   757 | D:2      | 757 ||| FLEEEEING.
   758 | D:2      | 758 ||| FLEEEEING.
   759 | D:2      | 759 ||| FLEEEEING.
   760 | D:2      | 760 ||| FLEEEEING.
   761 | D:2      | 761 ||| FLEEEEING.
   762 | D:2      | 762 ||| FLEEEEING.
   763 | D:2      | 763 ||| FLEEEEING.
   764 | D:2      | 764 ||| FLEEEEING.
   765 | D:2      | 765 ||| FLEEEEING.
   766 | D:2      | 766 ||| FLEEEEING.
   767 | D:2      | 767 ||| FLEEEEING.
   768 | D:2      | 768 ||| FLEEEEING.
   769 | D:2      | 769 ||| FLEEEEING.
   770 | D:2      | 770 ||| FLEEEEING.
   771 | D:2      | 771 ||| FLEEEEING.
   774 | D:2      | 774 ||| FLEEEEING.
   775 | D:2      | 775 ||| STAIRDANCE
   877 | D:1      | 877 ||| UPGRADING to ring of poison resistance.
   878 | D:1      | 878 ||| READING scroll labelled FIURUM YTAPTE.
   893 | D:2      | 893 ||| Stepping ~*~*~tactically~*~*~ (stealth).
   895 | D:2      | 895 ||| Stepping ~*~*~tactically~*~*~ (stealth).
   924 | D:2      | 924 ||| Stepping ~*~*~tactically~*~*~ (stealth).
   929 | D:2      | 929 ||| Stepping ~*~*~tactically~*~*~ (stealth).
   930 | D:2      | 930 ||| Stepping ~*~*~tactically~*~*~ (stealth).
   933 | D:2      | 933 ||| Stepping ~*~*~tactically~*~*~ (stealth).
   935 | D:2      | 935 ||| Stepping ~*~*~tactically~*~*~ (stealth).
   936 | D:2      | 936 ||| Stepping ~*~*~tactically~*~*~ (stealth).
   947 | D:2      | 947 ||| INVOKING Berserk.
   949 | D:2      | Reached XP level 6. HP: 24/53 MP: 5/5
   962 | D:2      | 962 ||| Stepping ~*~*~tactically~*~*~ (stealth).
  1228 | D:2      | 1228 ||| Stepping ~*~*~tactically~*~*~ (stealth).
  1281 | D:2      | 1281 ||| Stepping ~*~*~tactically~*~*~ (stealth).
  1283 | D:2      | 1283 ||| Stepping ~*~*~tactically~*~*~ (stealth).
  1345 | D:2      | 1345 ||| UPGRADING to +1 robe of resistance.
  1355 | D:2      | 1355 ||| DROPPING +0 animal skin.
  1356 | D:2      | 1356 ||| READING scroll labelled INUYBAMEPE.
  1357 | D:2      | 1357 ||| READING scroll labelled JEALAP YN SEOS.
  1358 | D:2      | 1358 ||| DRINKING 2 amethyst potions.
  1359 | D:2      | 1359 ||| DROPPING potion of brilliance.
  1665 | D:3      | 1665 ||| Stepping ~*~*~tactically~*~*~ (stealth).
  2035 | D:3      | 2035 ||| Stepping ~*~*~tactically~*~*~ (hiding).
  2137 | D:3      | 2137 ||| Stepping ~*~*~tactically~*~*~ (hiding).
  2140 | D:3      | 2140 ||| Stepping ~*~*~tactically~*~*~ (hiding).
  2143 | D:3      | 2143 ||| INVOKING Berserk.
  2324 | D:3      | 2324 ||| SWAPPING to +0 war axe.
  2347 | D:3      | 2347 ||| DROPPING +0 hand axe.
  2350 | D:3      | 2350 ||| DROPPING +0 whip.
  2374 | D:3      | 2374 ||| Stepping ~*~*~tactically~*~*~ (stealth).
  2376 | D:3      | 2376 ||| Stepping ~*~*~tactically~*~*~ (stealth).
  2579 | D:3      | 2579 ||| INVOKING Berserk.
  2762 | D:3      | 2762 ||| DROPPING +0 ring mail.
  2763 | D:3      | 2763 ||| UPGRADING to +0 pair of boots.
  2768 | D:3      | 2768 ||| UPGRADING to +0 chain mail.
  2778 | D:3      | 2778 ||| DROPPING +1 robe of resistance.
  2779 | D:3      | 2779 ||| UPGRADING to ring of resist corrosion.
  2780 | D:3      | 2780 ||| READING scroll labelled DAFURGH RETUDOCUWE.
  2781 | D:3      | 2781 ||| READING scroll labelled IXOWEI NIHITTO.
  2784 | D:3      | 2784 ||| READING scroll labelled SOFYSMEEKO.
  2785 | D:3      | 2785 ||| READING scroll labelled TIDEGA HEUGRUAJAU.
  2812 | D:4      | 2812 ||| PLANNING SEWER
  2858 | D:4      | Found a glowing drain.
  2860 | D:4      | 2860 ||| DRINKING 2 sedimented dark potions.
  2889 | D:4      | 2889 ||| DROPPING potion of lignification.
  2903 | Sewer    | Entered a sewer
  2906 | Sewer    | Noticed Pargi
  2908 | Sewer    | Killed Pargi
  2909 | Sewer    | Reached skill level 9 in Axes
  2909 | Sewer    | Reached XP level 7. HP: 56/60 MP: 6/6
  3016 | Sewer    | 3016 ||| READING scroll of enchant armour.
  3016 | Sewer    | 3016 ||| ENCHANTING +0 pair of boots.
  3035 | Sewer    | 3035 ||| READING scroll labelled VELENLILAH.
  3035 | Sewer    | Identified a scroll of acquirement
  3035 | Sewer    | 3035 ||| ACQUIRING +1 pair of gloves "Dakiak" {Int+2}
  3035 | Sewer    | Acquired the +1 pair of gloves "Dakiak" {Int+2}
  3037 | Sewer    | 3037 ||| UPGRADING to +1 pair of gloves "Dakiak" {Int+2}.
  3055 | D:4      | 3055 ||| PLANNING D:1-11
  3067 | D:4      | 3067 ||| Stepping ~*~*~tactically~*~*~ (hiding).
  3074 | D:4      | 3074 ||| FLEEEEING.
  3078 | D:4      | Reached skill level 3 in Armour
  3198 | D:4      | Reached *** piety under Trog
  3209 | D:4      | 3209 ||| INVOKING Berserk.
  3221 | D:4      | HP: 22/91 [poisoned by an orc]
  3226 | D:4      | HP: 11/61 [poisoned by an orc]
  3772 | D:5      | Entered Level 5 of the Dungeon
  3845 | D:5      | Noticed Dowan
  3848 | D:5      | Noticed Duvessa
  3849 | D:5      | 3849 ||| INVOKING Berserk.
  3852 | D:5      | Killed Dowan
  3856 | D:5      | Killed Duvessa
  4009 | D:5      | Reached skill level 1 in Throwing
  4070 | D:5      | Reached XP level 8. HP: 68/68 MP: 7/7
  4277 | D:5      | 4277 ||| Stepping ~*~*~tactically~*~*~ (stealth).
  4286 | D:5      | 4286 ||| Stepping ~*~*~tactically~*~*~ (hiding).
  4290 | D:5      | 4290 ||| INVOKING Berserk.
  4503 | D:5      | 4503 ||| UPGRADING to +2 chain mail of poison resistance.
  4513 | D:5      | 4513 ||| REMOVING ring of poison resistance.
  4514 | D:5      | 4514 ||| DROPPING +0 chain mail.
  4515 | D:5      | 4515 ||| READING scroll labelled DARRYNGOOSS.
  4516 | D:5      | 4516 ||| DRINKING 3 bubbling brown potions.
  4517 | D:5      | 4517 ||| DRINKING 2 yellow potions.
  4518 | D:5      | 4518 ||| READING 2 scrolls of identify.
  4518 | D:5      | 4518 ||| IDENTIFYING fuming inky potion
  4519 | D:5      | 4519 ||| DRINKING potion of experience.
  4519 | D:5      | Reached skill level 15 in Fighting
  4519 | D:5      | Reached XP level 9. HP: 97/97 MP: 8/8
  4520 | D:5      | 4520 ||| DROPPING potion of flight.
  4568 | D:6      | 4568 ||| INVOKING Berserk.
  4591 | D:6      | 4591 ||| Stepping ~*~*~tactically~*~*~ (stealth).
  4763 | D:6      | 4763 ||| Stepping ~*~*~tactically~*~*~ (stealth).
  4912 | D:6      | 4912 ||| Stepping ~*~*~tactically~*~*~ (hiding).
  4913 | D:6      | 4913 ||| Stepping ~*~*~tactically~*~*~ (hiding).
  4916 | D:6      | 4916 ||| Stepping ~*~*~tactically~*~*~ (hiding).
  4923 | D:6      | 4923 ||| Stepping ~*~*~tactically~*~*~ (stealth).
  4927 | D:6      | 4927 ||| INVOKING Berserk.
  5038 | D:6      | 5038 ||| DROPPING +0 flail.
  5139 | D:6      | 5139 ||| INVOKING Berserk.
  5341 | D:6      | 5341 ||| READING scroll labelled UHE WIONUKAODDICU.
  5342 | D:6      | 5342 ||| DRINKING 2 puce potions.
  5343 | D:6      | 5343 ||| READING 2 scrolls of identify.
  5343 | D:6      | 5343 ||| IDENTIFYING bubbling cyan potion
  5347 | D:7      | Found a shadowy altar of Dithmenos.
  5458 | D:7      | 5458 ||| DROPPING +2 flail of holy wrath.
  5486 | D:7      | 5486 ||| Stepping ~*~*~tactically~*~*~ (stealth).
  5488 | D:7      | 5488 ||| Stepping ~*~*~tactically~*~*~ (stealth).
  5513 | D:7      | Reached **** piety under Trog
  5568 | D:7      | 5568 ||| Stepping ~*~*~tactically~*~*~ (hiding).
  5704 | D:7      | Reached skill level 12 in Axes
  5749 | D:7      | Noticed Pikel
  5749 | D:7      | 5749 ||| Stepping ~*~*~tactically~*~*~ (stealth).
  5751 | D:7      | 5751 ||| Stepping ~*~*~tactically~*~*~ (stealth).
  5755 | D:7      | 5755 ||| Stepping ~*~*~tactically~*~*~ (stealth).
  5758 | D:7      | 5758 ||| Stepping ~*~*~tactically~*~*~ (stealth).
  5759 | D:7      | 5759 ||| Stepping ~*~*~tactically~*~*~ (stealth).
  5785 | D:7      | 5785 ||| Stepping ~*~*~tactically~*~*~ (stealth).
  5787 | D:7      | 5787 ||| Stepping ~*~*~tactically~*~*~ (stealth).
  5806 | D:7      | 5806 ||| Stepping ~*~*~tactically~*~*~ (stealth).
  5824 | D:7      | 5824 ||| Stepping ~*~*~tactically~*~*~ (stealth).
  5825 | D:7      | 5825 ||| INVOKING Berserk.
  5828 | D:7      | Killed Pikel
  5829 | D:7      | Reached skill level 3 in Throwing
  5829 | D:7      | Reached XP level 10. HP: 105/105 MP: 9/9
  6069 | D:7      | 6069 ||| Stepping ~*~*~tactically~*~*~ (hiding).
  6074 | D:7      | 6074 ||| INVOKING Berserk.
  6261 | D:7      | 6261 ||| Stepping ~*~*~tactically~*~*~ (hiding).
  6266 | D:7      | 6266 ||| INVOKING Berserk.
  6274 | D:7      | Noticed Prince Ribbit
  6279 | D:7      | Killed Prince Ribbit
  6487 | D:7      | 6487 ||| Stepping ~*~*~tactically~*~*~ (hiding).
  6489 | D:7      | 6489 ||| INVOKING Berserk.
  6625 | D:7      | 6625 ||| Stepping ~*~*~tactically~*~*~ (hiding).
  6812 | D:7      | Found a staircase to the Ecumenical Temple.
  6812 | D:7      | Noticed Maggie
  6813 | D:7      | 6813 ||| Stepping ~*~*~tactically~*~*~ (hiding).
  6816 | D:7      | 6816 ||| Stepping ~*~*~tactically~*~*~ (hiding).
  6829 | D:7      | Killed Maggie
  6830 | D:7      | Reached skill level 3 in Dodging
  6836 | D:7      | 6836 ||| SWAPPING to +0 broad axe.
  6837 | D:7      | 6837 ||| DROPPING +1 war axe.
  6914 | D:7      | Noticed a five-headed hydra
  6914 | D:7      | Noticed a cyclops
  6915 | D:7      | 6915 ||| INVOKING Brothers in Arms.
  6916 | D:7      | 6916 ||| SWAPPING to +0 morningstar.
  6917 | D:7      | 6917 ||| INVOKING Berserk.
  6920 | D:7      | Killed a five-headed hydra
  6925 | D:7      | Killed a cyclops
  6933 | D:7      | 6933 ||| SWAPPING to +0 broad axe.
  7100 | D:7      | Noticed a gargoyle
  7100 | D:7      | Noticed an eight-headed hydra
  7101 | D:7      | 7101 ||| INVOKING Brothers in Arms.
  7102 | D:7      | 7102 ||| INVOKING Brothers in Arms.
  7103 | D:7      | 7103 ||| SWAPPING to +0 morningstar.
  7104 | D:7      | 7104 ||| INVOKING Berserk.
  7105 | D:7      | Killed an eight-headed hydra
  7109 | D:7      | Killed a gargoyle
  7110 | D:7      | Reached XP level 11. HP: 112/112 MP: 10/10
  7118 | D:7      | 7118 ||| SWAPPING to +0 broad axe.
  7280 | D:7      | 7280 ||| READING 6 scrolls labelled CEZORI WARA.
  7281 | D:7      | 7281 ||| READING scroll labelled CIUTOF DUACW.
  7382 | D:7      | 7382 ||| READING 4 scrolls of identify.
  7382 | D:7      | 7382 ||| IDENTIFYING metallic blue potion
  7383 | D:7      | 7383 ||| READING 3 scrolls of identify.
  7383 | D:7      | 7383 ||| IDENTIFYING bubbling white potion
  7384 | D:7      | 7384 ||| READING 2 scrolls of identify.
  7384 | D:7      | 7384 ||| IDENTIFYING emerald potion
  7385 | D:7      | 7385 ||| DROPPING potion of attraction.
  7386 | D:7      | 7386 ||| DROPPING 5 scrolls of amnesia.
  7387 | D:7      | 7387 ||| DROPPING potion of berserk rage.
  7556 | D:8      | Noticed Erica
  7557 | D:8      | 7557 ||| Stepping ~*~*~tactically~*~*~ (hiding).
  7559 | D:8      | 7559 ||| INVOKING Berserk.
  7564 | D:8      | Killed Erica
  7565 | D:8      | Reached skill level 6 in Armour
  7740 | D:8      | Identified the +0 robe "Oprifol" {Dex+4}
  7774 | D:8      | 7774 ||| Stepping ~*~*~tactically~*~*~ (stealth).
  8228 | D:9      | 8228 ||| FLEEEEING.
  8245 | D:9      | 8245 ||| INVOKING Berserk.
  8279 | D:9      | 8279 ||| FLEEEEING.
  8405 | D:9      | 8405 ||| INVOKING Berserk.
  8471 | D:9      | Found a staircase to the Lair.
  8482 | D:9      | Noticed Gastronok
  8483 | D:9      | 8483 ||| Stepping ~*~*~tactically~*~*~ (hiding).
  8487 | D:9      | 8487 ||| Stepping ~*~*~tactically~*~*~ (hiding).
  8492 | D:9      | 8492 ||| INVOKING Berserk.
  8500 | D:9      | Killed Gastronok
  8501 | D:9      | Reached skill level 15 in Axes
  8635 | D:9      | 8635 ||| INVOKING Berserk.
  9061 | D:9      | 9061 ||| INVOKING Berserk.
  9649 | D:9      | 9649 ||| PLANNING LAIR
  9649 | D:9      | 9649 ||| READING 4 scrolls of identify.
  9649 | D:9      | 9649 ||| IDENTIFYING black potion
  9719 | Lair:1   | Entered Level 1 of the Lair of Beasts
  9723 | Lair:1   | 9723 ||| INVOKING Berserk.
  9887 | Lair:1   | 9887 ||| Stepping ~*~*~tactically~*~*~ (stealth).
  9954 | Lair:1   | 9954 ||| Stepping ~*~*~tactically~*~*~ (stealth).
  9982 | Lair:1   | 9982 ||| Stepping ~*~*~tactically~*~*~ (stealth).
 10147 | Lair:1   | Noticed an eight-headed hydra
 10148 | Lair:1   | 10148 ||| INVOKING Brothers in Arms.
 10149 | Lair:1   | 10149 ||| INVOKING Brothers in Arms.
 10150 | Lair:1   | 10150 ||| INVOKING Brothers in Arms.
 10151 | Lair:1   | 10151 ||| SWAPPING to +0 morningstar.
 10152 | Lair:1   | 10152 ||| INVOKING Berserk.
 10157 | Lair:1   | Killed an eight-headed hydra
 10166 | Lair:1   | 10166 ||| SWAPPING to +0 broad axe.
 10275 | Lair:1   | 10275 ||| READING scroll of enchant weapon.
 10275 | Lair:1   | 10275 ||| ENCHANTING +0 broad axe.
 10482 | Lair:1   | 10482 ||| Stepping ~*~*~tactically~*~*~ (stealth).
 10483 | Lair:1   | 10483 ||| Stepping ~*~*~tactically~*~*~ (stealth).
 10485 | Lair:1   | 10485 ||| INVOKING Berserk.
 10743 | Lair:2   | 10743 ||| PLANNING GAUNTLET
 10747 | Lair:2   | 10747 ||| INVOKING Berserk.
 10751 | Lair:2   | Found a gate leading to a gauntlet.
 10759 | Lair:2   | 10759 ||| FLEEEEING.
 10761 | Lair:2   | 10761 ||| STAIRDANCE
 10871 | Lair:2   | 10871 ||| Stepping ~*~*~tactically~*~*~ (stealth).
 10873 | Lair:2   | 10873 ||| INVOKING Berserk.
 10877 | Lair:2   | Reached XP level 12. HP: 121/121 MP: 11/11
 11017 | Gauntlet | Entered a Gauntlet
 11017 | Gauntlet | Found a transporter.
 11017 | Gauntlet | Found a transporter.
 11023 | Gauntlet | Found a transporter.
 11044 | Gauntlet | Found a transporter.
 11053 | Gauntlet | Found a transporter.
 11053 | Gauntlet | Found a transporter.
 11053 | Gauntlet | Found a transporter.
 11055 | Gauntlet | Found a transporter.
 11055 | Gauntlet | Found a transporter.
 11070 | Gauntlet | Found a transporter.
 11085 | Gauntlet | Found a transporter.
 11095 | Gauntlet | Found a transporter.
 11095 | Gauntlet | Noticed a hell beast
 11100 | Gauntlet | Found a transporter.
 11140 | Gauntlet | Found a transporter.
 11198 | Gauntlet | Noticed a catoblepas
 11209 | Gauntlet | 11209 ||| INVOKING Berserk.
 11384 | Gauntlet | 11384 ||| Stepping randomly (stuck).
 11385 | Gauntlet | 11385 ||| Stepping randomly (stuck).
 11386 | Gauntlet | 11386 ||| Stepping randomly (stuck).
 11388 | Gauntlet | 11388 ||| Stepping randomly (stuck).
 11389 | Gauntlet | 11389 ||| Stepping randomly (stuck).
 11441 | Gauntlet | Identified the +2 pair of boots of the Unseen Realm {rF++
                  | rN++ Int-2}
 11447 | Gauntlet | 11447 ||| UPGRADING to +2 pair of boots of the Unseen Realm
                  | {rF++ rN++ Int-2}.
 11457 | Gauntlet | 11457 ||| DROPPING +1 pair of boots.
 11458 | Gauntlet | 11458 ||| UPGRADING to ring of ice.
 11512 | Gauntlet | Identified the ring of the Original Sin {MP+9 Int+2 SInv}
 11512 | Gauntlet | Noticed a minotaur
 11514 | Gauntlet | 11514 ||| INVOKING Berserk.
 11522 | Gauntlet | Killed a minotaur
 11523 | Gauntlet | Reached skill level 18 in Axes
 11668 | Gauntlet | 11668 ||| DROPPING amulet of faith.
 11669 | Gauntlet | 11669 ||| UPGRADING to ring of the Original Sin {MP+9 Int+2
                  | SInv}.
 11751 | Lair:2   | 11751 ||| PLANNING LAIR
 11809 | Lair:2   | Noticed Fannar
 11810 | Lair:2   | 11810 ||| Stepping ~*~*~tactically~*~*~ (hiding).
 11820 | Lair:2   | Noticed Urug
 11828 | Lair:2   | 11828 ||| INVOKING Berserk.
 11831 | Lair:2   | Killed Fannar
 11836 | Lair:2   | HP: 36/181 [Urug/+9 great mace (19)]
 11838 | Lair:2   | Killed Urug
 12090 | Lair:2   | Found a staircase to the Swamp.
 12106 | Lair:2   | 12106 ||| Stepping ~*~*~tactically~*~*~ (stealth).
 12115 | Lair:2   | 12115 ||| FLEEEEING.
 12151 | Lair:2   | 12151 ||| Stepping ~*~*~tactically~*~*~ (stealth).
 12155 | Lair:2   | 12155 ||| Stepping ~*~*~tactically~*~*~ (stealth).
 12161 | Lair:2   | 12161 ||| Stepping ~*~*~tactically~*~*~ (stealth).
 12162 | Lair:2   | 12162 ||| Stepping ~*~*~tactically~*~*~ (stealth).
 12163 | Lair:2   | 12163 ||| Stepping ~*~*~tactically~*~*~ (stealth).
 12164 | Lair:2   | 12164 ||| Stepping ~*~*~tactically~*~*~ (stealth).
 12176 | Lair:2   | You fall into a shaft and drop 2 floors!
 12340 | Lair:4   | Reached skill level 9 in Armour
 12409 | Lair:4   | 12409 ||| UPGRADING to +6 ring of strength.
 12411 | Lair:4   | 12411 ||| DRINKING 2 orange potions.
 12412 | Lair:4   | 12412 ||| DROPPING potion of invisibility.
 12427 | Lair:3   | 12427 ||| Stepping ~*~*~tactically~*~*~ (stealth).
 12430 | Lair:3   | 12430 ||| Stepping ~*~*~tactically~*~*~ (stealth).
 12433 | Lair:3   | 12433 ||| Stepping ~*~*~tactically~*~*~ (stealth).
 12435 | Lair:3   | 12435 ||| Stepping ~*~*~tactically~*~*~ (stealth).
 12436 | Lair:3   | 12436 ||| INVOKING Berserk.
 12456 | Lair:3   | Reached skill level 6 in Throwing
 12457 | Lair:3   | 12457 ||| DRINKING potion of cancellation.
 12605 | Lair:2   | Reached skill level 6 in Dodging
 12617 | Lair:2   | 12617 ||| Stepping ~*~*~tactically~*~*~ (stealth).
 12620 | Lair:2   | 12620 ||| Stepping ~*~*~tactically~*~*~ (stealth).
 12623 | Lair:2   | 12623 ||| INVOKING Berserk.
 12642 | Lair:2   | Reached XP level 13. HP: 127/127 MP: 12/12
 12758 | Lair:2   | Found a staircase to the Snake Pit.
 12791 | Lair:2   | 12791 ||| READING scroll of acquirement.
 12791 | Lair:2   | 12791 ||| ACQUIRING +1 kite shield of Faocoo {Int+2 Stlth+}
 12791 | Lair:2   | Acquired the +1 kite shield of Faocoo {Int+2 Stlth+}
 12793 | Lair:2   | 12793 ||| UPGRADING to +1 kite shield of Faocoo {Int+2
                  | Stlth+}.
 13227 | Lair:3   | Reached skill level 1 in Shields
 13264 | Lair:3   | 13264 ||| Stepping ~*~*~tactically~*~*~ (stealth).
 13264 | Lair:3   | Noticed Josephine
 13265 | Lair:3   | 13265 ||| Stepping ~*~*~tactically~*~*~ (stealth).
 13267 | Lair:3   | 13267 ||| Stepping ~*~*~tactically~*~*~ (stealth).
 13275 | Lair:3   | Reached skill level 3 in Shields
 13278 | Lair:3   | Killed Josephine
 13855 | Lair:4   | 13855 ||| READING scroll of acquirement.
 13855 | Lair:4   | 13855 ||| ACQUIRING +6 war axe "Zilarph" {drain, Contam rC+
                  | SInv}
 13855 | Lair:4   | Acquired the +6 war axe "Zilarph" {drain, Contam rC+ SInv}
 13857 | Lair:4   | 13857 ||| SWAPPING to +6 war axe "Zilarph" {drain, Contam
                  | rC+ SInv}.
 13858 | Lair:4   | 13858 ||| REMOVING ring of the Original Sin {MP+9 Int+2
                  | SInv}.
 13896 | Lair:4   | 13896 ||| INVOKING Brothers in Arms.
 13897 | Lair:4   | 13897 ||| INVOKING Brothers in Arms.
 13898 | Lair:4   | 13898 ||| SWAPPING to +0 morningstar.
 13899 | Lair:4   | 13899 ||| INVOKING Brothers in Arms.
 13900 | Lair:4   | 13900 ||| INVOKING Brothers in Arms.
 13901 | Lair:4   | 13901 ||| INVOKING Brothers in Arms.
 13902 | Lair:4   | 13902 ||| INVOKING Brothers in Arms.
 13903 | Lair:4   | 13903 ||| INVOKING Brothers in Arms.
 13904 | Lair:4   | 13904 ||| INVOKING Berserk.
 13909 | Lair:4   | Reached skill level 6 in Shields
 13914 | Lair:4   | Gained mutation: Your body sometimes deteriorates upon
                  | taking damage. [mutagenic glow]
 13941 | Lair:4   | 13941 ||| SWAPPING to +6 war axe "Zilarph" {drain, Contam
                  | rC+ SInv}.
 14081 | Lair:4   | Found a staircase to the Slime Pits.
 14206 | Lair:4   | 14206 ||| SWAPPING to +0 morningstar.
 14208 | Lair:4   | 14208 ||| INVOKING Berserk.
 14238 | Lair:4   | 14238 ||| SWAPPING to +6 war axe "Zilarph" {drain, Contam
                  | rC+ SInv}.
 14686 | Lair:4   | 14686 ||| UPGRADING to ring of resist corrosion.
 14708 | Lair:5   | Entered Level 5 of the Lair of Beasts
 14715 | Lair:5   | 14715 ||| STAIRDANCE
 14728 | Lair:5   | 14728 ||| STAIRDANCE
 14735 | Lair:5   | 14735 ||| STAIRDANCE
 14744 | Lair:5   | 14744 ||| STAIRDANCE
 14788 | Lair:5   | 14788 ||| Stepping ~*~*~tactically~*~*~ (stealth).
 14825 | Lair:5   | Reached skill level 9 in Shields
 14904 | Lair:5   | 14904 ||| INVOKING Brothers in Arms.
 14907 | Lair:5   | 14907 ||| INVOKING Berserk.
 15051 | Lair:5   | 15051 ||| INVOKING Brothers in Arms.
 15052 | Lair:5   | 15052 ||| INVOKING Brothers in Arms.
 15053 | Lair:5   | 15053 ||| INVOKING Brothers in Arms.
 15054 | Lair:5   | 15054 ||| INVOKING Brothers in Arms.
 15055 | Lair:5   | 15055 ||| SWAPPING to +0 morningstar.
 15056 | Lair:5   | 15056 ||| INVOKING Berserk.
 15063 | Lair:5   | Gained mutation: You sometimes lose your temper in combat.
                  | [mutagenic glow]
 15070 | Lair:5   | 15070 ||| FLEEEEING.
 15071 | Lair:5   | 15071 ||| SWAPPING to +6 war axe "Zilarph" {drain, Contam
                  | rC+ SInv}.
 15180 | Lair:5   | 15180 ||| DRINKING potion of mutation.
 15180 | Lair:5   | Lost mutation: Your body sometimes deteriorates upon taking
                  | damage. [potion of mutation]
 15180 | Lair:5   | Lost mutation: You sometimes lose your temper in combat.
                  | [potion of mutation]
 15180 | Lair:5   | Gained mutation: Your spells are a little easier to cast,
                  | but a little less powerful. [potion of mutation]
 15180 | Lair:5   | Gained mutation: Potions are less effective at restoring
                  | your health. [potion of mutation]
 15180 | Lair:5   | Gained mutation: You occasionally lose the ability to read
                  | scrolls when taking damage. [potion of mutation]
 15266 | Lair:5   | 15266 ||| Stepping ~*~*~tactically~*~*~ (cloud).
 15268 | Lair:5   | 15268 ||| INVOKING Berserk.
 15403 | Lair:5   | 15403 ||| Stepping ~*~*~tactically~*~*~ (stealth).
 15405 | Lair:5   | 15405 ||| Stepping ~*~*~tactically~*~*~ (stealth).
 15407 | Lair:5   | 15407 ||| INVOKING Berserk.
 15418 | Lair:5   | Reached skill level 12 in Shields
 15430 | Lair:5   | Reached XP level 14. HP: 135/135 MP: 13/13
 15559 | Lair:5   | 15559 ||| Stepping ~*~*~tactically~*~*~ (stealth).
 15562 | Lair:5   | 15562 ||| INVOKING Berserk.
 15712 | Lair:5   | 15712 ||| Stepping ~*~*~tactically~*~*~ (cloud).
 15713 | Lair:5   | 15713 ||| INVOKING Berserk.
 15725 | Lair:5   | 15725 ||| Stepping ~*~*~tactically~*~*~ (cloud).
 15874 | Lair:5   | 15874 ||| Stepping ~*~*~tactically~*~*~ (stealth).
 15875 | Lair:5   | 15875 ||| Stepping ~*~*~tactically~*~*~ (stealth).
 15896 | Lair:5   | 15896 ||| Stepping ~*~*~tactically~*~*~ (cloud).
 15901 | Lair:5   | 15901 ||| Stepping ~*~*~tactically~*~*~ (hiding).
 15905 | Lair:5   | 15905 ||| INVOKING Berserk.
 16035 | Lair:5   | Identified the +2 leather armour of Uttineim {Dex+4}
 16141 | Lair:5   | 16141 ||| INVOKING Berserk.
 16194 | Lair:5   | 16194 ||| Stepping ~*~*~tactically~*~*~ (stealth).
 16504 | Lair:5   | 16504 ||| PLANNING D:1-11
 16504 | Lair:5   | 16504 ||| READING 6 scrolls of identify.
 16504 | Lair:5   | 16504 ||| IDENTIFYING green potion
 16505 | Lair:5   | 16505 ||| DROPPING potion of magic.
 16636 | D:10     | Entered Level 10 of the Dungeon
 16641 | D:10     | 16641 ||| Stepping ~*~*~tactically~*~*~ (hiding).
 16642 | D:10     | 16642 ||| Stepping ~*~*~tactically~*~*~ (hiding).
 16645 | D:10     | 16645 ||| Stepping ~*~*~tactically~*~*~ (hiding).
 16663 | D:10     | 16663 ||| Stepping ~*~*~tactically~*~*~ (stealth).
 16668 | D:10     | 16668 ||| Stepping ~*~*~tactically~*~*~ (hiding).
 16672 | D:10     | 16672 ||| Stepping ~*~*~tactically~*~*~ (hiding).
 16743 | D:10     | 16743 ||| Stepping ~*~*~tactically~*~*~ (stealth).
 17361 | D:10     | 17361 ||| DROPPING amulet of guardian spirit.
 17425 | D:11     | 17425 ||| Stepping ~*~*~tactically~*~*~ (hiding).
 17426 | D:11     | 17426 ||| Stepping ~*~*~tactically~*~*~ (hiding).
 17453 | D:11     | Found a sparkling altar of Nemelex Xobeh.
 17464 | D:11     | Noticed Maurice
 17465 | D:11     | 17465 ||| Stepping ~*~*~tactically~*~*~ (hiding).
 17475 | D:11     | Killed Maurice
 17532 | D:11     | 17532 ||| Stepping ~*~*~tactically~*~*~ (stealth).
 17562 | D:11     | 17562 ||| Stepping ~*~*~tactically~*~*~ (stealth).
 17563 | D:11     | 17563 ||| Stepping ~*~*~tactically~*~*~ (hiding).
 17566 | D:11     | 17566 ||| Stepping ~*~*~tactically~*~*~ (hiding).
 17569 | D:11     | 17569 ||| INVOKING Berserk.
 17818 | D:11     | 17818 ||| INVOKING Berserk.
 17831 | D:11     | Reached ***** piety under Trog
 17924 | D:11     | 17924 ||| Stepping ~*~*~tactically~*~*~ (stealth).
 17955 | D:11     | 17955 ||| Stepping ~*~*~tactically~*~*~ (stealth).
 18057 | D:11     | 18057 ||| INVOKING Brothers in Arms.
 18058 | D:11     | 18058 ||| SWAPPING to +0 morningstar.
 18059 | D:11     | 18059 ||| INVOKING Berserk.
 18062 | D:11     | Gained mutation: You are weak. (Str -2) [mutagenic glow]
 18065 | D:11     | 18065 ||| SWAPPING to +6 war axe "Zilarph" {drain, Contam
                  | rC+ SInv}.
 18191 | D:11     | 18191 ||| Stepping ~*~*~tactically~*~*~ (hiding).
 18192 | D:11     | 18192 ||| Stepping ~*~*~tactically~*~*~ (hiding).
 18251 | D:11     | 18251 ||| PLANNING D
 18251 | D:11     | 18251 ||| UPGRADING to +0 cloak.
 18256 | D:11     | 18256 ||| READING 2 scrolls of enchant armour.
 18256 | D:11     | 18256 ||| ENCHANTING +0 cloak.
 18257 | D:11     | 18257 ||| READING scroll of enchant armour.
 18257 | D:11     | 18257 ||| ENCHANTING +1 cloak.
 18447 | D:12     | 18447 ||| FLEEEEING.
 18458 | D:12     | 18458 ||| FLEEEEING.
 18548 | D:12     | Found a staircase to the Orcish Mines.
 18560 | D:12     | 18560 ||| INVOKING Berserk.
 18563 | D:12     | Received a gift from Trog
 18688 | D:12     | 18688 ||| DROPPING +1 broad axe.
 18739 | D:12     | 18739 ||| INVOKING Berserk.
 18745 | D:12     | Reached skill level 12 in Armour
 18957 | D:12     | 18957 ||| Stepping ~*~*~tactically~*~*~ (stealth).
 18960 | D:12     | 18960 ||| Stepping ~*~*~tactically~*~*~ (stealth).
 18962 | D:12     | 18962 ||| Stepping ~*~*~tactically~*~*~ (stealth).
 18965 | D:12     | 18965 ||| Stepping ~*~*~tactically~*~*~ (stealth).
 19279 | D:12     | 19279 ||| READING scroll labelled TOAPELLEICW.
 19280 | D:12     | 19280 ||| READING scroll labelled MUIGGYEKKO.
 19433 | D:13     | 19433 ||| Stepping ~*~*~tactically~*~*~ (stealth).
 19459 | D:13     | 19459 ||| Stepping ~*~*~tactically~*~*~ (hiding).
 19461 | D:13     | 19461 ||| Stepping ~*~*~tactically~*~*~ (stealth).
 19466 | D:13     | 19466 ||| Stepping ~*~*~tactically~*~*~ (hiding).
 19583 | D:13     | 19583 ||| Stepping ~*~*~tactically~*~*~ (hiding).
 19584 | D:13     | 19584 ||| Stepping ~*~*~tactically~*~*~ (hiding).
 19585 | D:13     | 19585 ||| Stepping ~*~*~tactically~*~*~ (hiding).
 19596 | D:13     | 19596 ||| Stepping ~*~*~tactically~*~*~ (hiding).
 19706 | D:13     | 19706 ||| READING scroll of acquirement.
 19706 | D:13     | 19706 ||| ACQUIRING +4 tower shield "Waylej" {Str+4 Dex+2}
 19706 | D:13     | Acquired the +4 tower shield "Waylej" {Str+4 Dex+2}
 19708 | D:13     | 19708 ||| UPGRADING to +4 tower shield "Waylej" {Str+4
                  | Dex+2}.
 19718 | D:13     | 19718 ||| DROPPING +1 kite shield of Faocoo {Int+2 Stlth+}.
 19980 | D:13     | 19980 ||| INVOKING Trog's Hand.
 19986 | D:13     | 19986 ||| INVOKING Berserk.
 20114 | D:13     | Found a gate to the Vaults.
 20115 | D:13     | 20115 ||| INVOKING Berserk.
 20239 | D:13     | 20239 ||| Stepping ~*~*~tactically~*~*~ (hiding).
 20240 | D:13     | 20240 ||| Stepping ~*~*~tactically~*~*~ (hiding).
 20250 | D:13     | Reached skill level 15 in Shields
 20393 | D:13     | 20393 ||| UPGRADING to ring of the Original Sin {MP+9 Int+2
                  | SInv}.
 20453 | D:14     | Noticed Jorgrun
 20454 | D:14     | 20454 ||| INVOKING Berserk.
 20461 | D:14     | Killed Jorgrun
 20465 | D:14     | 20465 ||| STAIRDANCE
 20589 | D:14     | Found a transporter.
 20591 | D:14     | 20591 ||| Stepping ~*~*~tactically~*~*~ (stealth).
 20591 | D:14     | Noticed Qymaymp's ghost (adept GrEE)
 20594 | D:14     | 20594 ||| Stepping ~*~*~tactically~*~*~ (hiding).
 20775 | D:14     | Reached XP level 15. HP: 117/141 MP: 14/14
 20964 | D:14     | Found a transporter.
 21013 | D:14     | 21013 ||| Stepping ~*~*~tactically~*~*~ (hiding).
 21269 | D:14     | 21269 ||| DROPPING ring of flight.
 21301 | D:15     | Entered Level 15 of the Dungeon
 21440 | D:15     | 21440 ||| Stepping ~*~*~tactically~*~*~ (hiding).
 21444 | D:15     | 21444 ||| INVOKING Brothers in Arms.
 21515 | D:15     | 21515 ||| Stepping ~*~*~tactically~*~*~ (hiding).
 21516 | D:15     | 21516 ||| Stepping ~*~*~tactically~*~*~ (hiding).
 21626 | D:15     | Found a staircase to the Depths.
 21628 | D:15     | 21628 ||| INVOKING Berserk.
 21778 | D:15     | 21778 ||| SWAPPING to +0 morningstar.
 21779 | D:15     | 21779 ||| INVOKING Berserk.
 21786 | D:15     | 21786 ||| SWAPPING to +6 war axe "Zilarph" {drain, Contam
                  | rC+ SInv}.
 21793 | D:15     | Gained mutation: You are strong-willed. (Will+) [mutagenic
                  | glow]
 21935 | D:15     | Found a broken altar of Ashenzari.
 21998 | D:15     | 21998 ||| INVOKING Berserk.
 22160 | D:15     | 22160 ||| Stepping ~*~*~tactically~*~*~ (hiding).
 22161 | D:15     | 22161 ||| Stepping ~*~*~tactically~*~*~ (hiding).
 22317 | D:15     | Found a white marble altar of Elyvilon.
 22328 | D:15     | 22328 ||| Stepping ~*~*~tactically~*~*~ (stealth).
 22576 | D:15     | 22576 ||| PLANNING ORC
 22576 | D:15     | 22576 ||| DROPPING amulet of magic regeneration.
 22709 | Orc:1    | Entered Level 1 of the Orcish Mines
 22752 | Orc:1    | Found Tihu's Assorted Antiques.
 22754 | Orc:1    | 22754 ||| INVOKING Berserk.
 22910 | Orc:1    | 22910 ||| BUYING iron ring (170 gold).
 22910 | Orc:1    | Bought an iron ring for 170 gold pieces
 22910 | Orc:1    | 22910 ||| BUYING metallic dark potion (30 gold).
 22910 | Orc:1    | Bought a metallic dark potion for 30 gold pieces
 22926 | Orc:1    | Found Docymp's Antique Armour Boutique.
 22933 | Orc:1    | 22933 ||| BUYING pair of glowing gloves (210 gold).
 22933 | Orc:1    | Bought a pair of glowing gloves for 210 gold pieces
 22933 | Orc:1    | 22933 ||| BUYING runed plate armour (728 gold).
 22933 | Orc:1    | Bought a runed plate armour for 728 gold pieces
 23037 | Orc:1    | 23037 ||| DROPPING +0 plate armour.
 23038 | Orc:1    | 23038 ||| UPGRADING to +3 plate armour.
 23048 | Orc:1    | 23048 ||| DROPPING +2 chain mail of poison resistance.
 23049 | Orc:1    | 23049 ||| UPGRADING to +6 ring of dexterity.
 23051 | Orc:1    | 23051 ||| UPGRADING to ring of poison resistance.
 23053 | Orc:1    | 23053 ||| DROPPING ring of resist corrosion.
 23054 | Orc:1    | 23054 ||| DROPPING potion of degeneration.
 23066 | Orc:2    | Entered Level 2 of the Orcish Mines
 23115 | Orc:2    | Noticed an orc warlord
 23120 | Orc:2    | 23120 ||| INVOKING Trog's Hand.
 23121 | Orc:2    | 23121 ||| INVOKING Berserk.
 23130 | Orc:2    | Killed an orc warlord
 23316 | Orc:2    | Found a staircase to the Elven Halls.
 23338 | Orc:2    | 23338 ||| Stepping ~*~*~tactically~*~*~ (hiding).
 23403 | Orc:2    | 23403 ||| Stepping ~*~*~tactically~*~*~ (stealth).
 23405 | Orc:2    | 23405 ||| Stepping ~*~*~tactically~*~*~ (stealth).
 23462 | Orc:2    | Noticed Rupert
 23463 | Orc:2    | 23463 ||| INVOKING Trog's Hand.
 23464 | Orc:2    | 23464 ||| INVOKING Brothers in Arms.
 23466 | Orc:2    | 23466 ||| INVOKING Berserk.
 23471 | Orc:2    | Killed Rupert
 23643 | Orc:2    | 23643 ||| Stepping ~*~*~tactically~*~*~ (stealth).
 23645 | Orc:2    | 23645 ||| INVOKING Trog's Hand.
 23650 | Orc:2    | 23650 ||| INVOKING Berserk.
 23653 | Orc:2    | Reached skill level 18 in Shields
 23827 | Orc:2    | 23827 ||| INVOKING Berserk.
 23830 | Orc:2    | Noticed an orc warlord
 23848 | Orc:2    | 23848 ||| INVOKING Brothers in Arms.
 23855 | Orc:2    | Killed an orc warlord
 23959 | Orc:2    | Found Onorudi's Antique Armour Shoppe.
 23968 | Orc:2    | 23968 ||| DROPPING +0 morningstar.
 23974 | Orc:2    | Found Hogaw's Antique Weapon Emporium.
 23983 | Orc:2    | 23983 ||| BUYING embroidered hat (189 gold).
 23983 | Orc:2    | Bought an embroidered hat for 189 gold pieces
 23983 | Orc:2    | 23983 ||| BUYING pair of runed boots (202 gold).
 23983 | Orc:2    | Bought a pair of runed boots for 202 gold pieces
 24157 | Orc:2    | 24157 ||| Stepping ~*~*~tactically~*~*~ (hiding).
 24326 | Orc:2    | 24326 ||| Stepping ~*~*~tactically~*~*~ (hiding).
 24333 | Orc:2    | 24333 ||| INVOKING Berserk.
 24340 | Orc:2    | Found Igamiom's Book Boutique.
 24481 | Orc:2    | 24481 ||| INVOKING Trog's Hand.
 24484 | Orc:2    | 24484 ||| INVOKING Berserk.
 24617 | Orc:2    | 24617 ||| Stepping ~*~*~tactically~*~*~ (hiding).
 24763 | Orc:2    | 24763 ||| INVOKING Berserk.
 24876 | Orc:2    | 24876 ||| DROPPING +2 vorpal broad axe.
 24878 | Orc:2    | Found Zoddiefa's Magic Scroll Shop.
 24883 | Orc:2    | 24883 ||| BUYING scroll of enchant armour (120 gold).
 24883 | Orc:2    | Bought a scroll of enchant armour for 120 gold pieces
 24883 | Orc:2    | 24883 ||| READING scroll of enchant armour.
 24883 | Orc:2    | 24883 ||| ENCHANTING +3 plate armour.
 24884 | Orc:2    | 24884 ||| UPGRADING to +4 plate armour of fire resistance.
 24894 | Orc:2    | 24894 ||| UPGRADING to +2 hat.
 24899 | Orc:2    | 24899 ||| DROPPING +1 pair of boots of stealth.
 24900 | Orc:2    | 24900 ||| DROPPING +4 plate armour.
 24998 | Orc:1    | Found Imayrona's Jewellery Emporium.
 25008 | Orc:1    | 25008 ||| BUYING +4 ring of evasion (576 gold).
 25008 | Orc:1    | Bought a +4 ring of evasion for 576 gold pieces
 25008 | Orc:1    | 25008 ||| SHOPLISTING ring "Ipochext" {rElec rC+ Dex+6}
                  | (912 gold, have 530).
 25106 | Orc:1    | 25106 ||| PLANNING SNAKE:1-3
 25106 | Orc:1    | 25106 ||| DROPPING ring of ice.
 25107 | Orc:1    | 25107 ||| UPGRADING to +4 ring of evasion.
 25109 | Orc:1    | 25109 ||| DROPPING +6 ring of dexterity.
 25274 | Snake:1  | Entered Level 1 of the Snake Pit
 25358 | Snake:1  | 25358 ||| INVOKING Berserk.
 25461 | Snake:1  | 25461 ||| INVOKING Berserk.
 25664 | Snake:1  | 25664 ||| DRINKING potion of mutation.
 25664 | Snake:1  | Lost mutation: You are weak. (Str -2) [potion of mutation]
 25664 | Snake:1  | Lost mutation: Your spells are a little easier to cast, but
                  | a little less powerful. [potion of mutation]
 25664 | Snake:1  | Gained mutation: You have large cloven feet. [potion of
                  | mutation]
 25664 | Snake:1  | Gained mutation: Your spells are a little harder to cast,
                  | but a little more powerful. [potion of mutation]
 25768 | Snake:1  | 25768 ||| Stepping ~*~*~tactically~*~*~ (hiding).
 25894 | Snake:1  | Identified the +5 spear "Wyask" {vorpal, rN+ Int-3 Dex+3}
 25910 | Snake:1  | 25910 ||| INVOKING Berserk.
 25916 | Snake:1  | Received a gift from Trog
 25924 | Snake:1  | Noticed Aizul
 25942 | Snake:1  | 25942 ||| INVOKING Trog's Hand.
 25942 | Snake:1  | HP: 35/141 [naga ritualist/Olgreb's Toxic Radiance (1)]
 25943 | Snake:1  | 25943 ||| DRINKING 3 potions of heal wounds.
 25944 | Snake:1  | 25944 ||| INVOKING Brothers in Arms.
 25945 | Snake:1  | 25945 ||| DRINKING 2 potions of heal wounds.
 25947 | Snake:1  | 25947 ||| DRINKING potion of heal wounds.
 25947 | Snake:1  | HP: 35/141 [Aizul/poison arrow (5)]
 25949 | Snake:1  | Killed Aizul
 25952 | Snake:1  | HP: 19/141 [poisoned by a naga mage (splash of poison)]
 25954 | Snake:1  | 25954 ||| READING 8 scrolls of teleportation.
 25957 | Snake:1  | HP: 16/141 [poisoned by a naga ritualist (toxic radiance)]
 25972 | Snake:1  | 25972 ||| INVOKING Berserk.
 26188 | Snake:1  | Noticed Mlioglotl
 26189 | Snake:1  | 26189 ||| INVOKING Brothers in Arms.
 26191 | Snake:1  | 26191 ||| INVOKING Berserk.
 26199 | Snake:1  | Noticed a tentacled starspawn
 26201 | Snake:1  | Killed Mlioglotl
 26331 | Snake:1  | 26331 ||| Stepping ~*~*~tactically~*~*~ (hiding).
 26333 | Snake:1  | 26333 ||| INVOKING Berserk.
 26341 | Snake:1  | Reached XP level 16. HP: 149/149 MP: 15/15
 26667 | Snake:2  | Found Keheck's Neck Hole.
 26669 | Snake:2  | 26669 ||| Stepping ~*~*~tactically~*~*~ (hiding).
 26670 | Snake:2  | 26670 ||| Stepping ~*~*~tactically~*~*~ (hiding).
 26673 | Snake:2  | 26673 ||| Stepping ~*~*~tactically~*~*~ (hiding).
 26680 | Snake:2  | 26680 ||| INVOKING Berserk.
 26694 | Snake:2  | 26694 ||| INVOKING Brothers in Arms.
 26713 | Snake:2  | 26713 ||| FLEEEEING.
 26714 | Snake:2  | 26714 ||| FLEEEEING.
 26716 | Snake:2  | 26716 ||| Stepping ~*~*~tactically~*~*~ (stealth).
 26773 | Snake:2  | 26773 ||| SHOPLISTING amulet "Qanuot" {RegenMP Will+ Dex+3}
                  | (782 gold, have 712).
 26814 | Snake:2  | 26814 ||| Stepping ~*~*~tactically~*~*~ (hiding).
 26825 | Snake:2  | 26825 ||| Stepping ~*~*~tactically~*~*~ (hiding).
 26842 | Snake:2  | 26842 ||| Stepping ~*~*~tactically~*~*~ (hiding).
 26844 | Snake:2  | 26844 ||| INVOKING Berserk.
 26874 | Snake:2  | 26874 ||| INVOKING Brothers in Arms.
 26881 | Snake:2  | Reached skill level 15 in Armour
 26881 | Snake:2  | 26881 ||| INVOKING Brothers in Arms.
 26882 | Snake:2  | HP: 33/151 [poisoned by a nagaraja (bolt of poison)]
 26883 | Snake:2  | 26883 ||| READING 8 scrolls of teleportation.
 26887 | Snake:2  | 26887 ||| READING 7 scrolls of teleportation.
 26887 | Snake:2  | HP: 18/151 [poisoned by a nagaraja (bolt of poison)]
 26892 | Snake:2  | 26892 ||| READING 6 scrolls of teleportation.
 26893 | Snake:2  | HP: 15/151 [sea snake (10)]
 26895 | Snake:2  | 26895 ||| READING 5 scrolls of teleportation.
 27077 | Snake:2  | 27077 ||| Stepping ~*~*~tactically~*~*~ (water).
 27082 | Snake:2  | Reached skill level 9 in Dodging
 27116 | Snake:2  | Received a gift from Trog
 27137 | Snake:2  | 27137 ||| Stepping ~*~*~tactically~*~*~ (hiding).
 27422 | Snake:2  | Noticed Agnes
 27423 | Snake:2  | 27423 ||| INVOKING Brothers in Arms.
 27424 | Snake:2  | 27424 ||| INVOKING Brothers in Arms.
 27425 | Snake:2  | 27425 ||| INVOKING Berserk.
 27425 | Abyss:2  | Cast into level 2 of the Abyss (Agnes)
 27438 | Abyss:2  | 27438 ||| Stepping ~*~*~tactically~*~*~ (stealth).
 27439 | Abyss:2  | 27439 ||| Stepping ~*~*~tactically~*~*~ (stealth).
 27449 | Abyss:2  | 27449 ||| Stepping ~*~*~tactically~*~*~ (stealth).
 27452 | Abyss:2  | 27452 ||| Stepping ~*~*~tactically~*~*~ (stealth).
 27454 | Abyss:2  | 27454 ||| Stepping ~*~*~tactically~*~*~ (stealth).
 27492 | Abyss:2  | 27492 ||| Stepping ~*~*~tactically~*~*~ (hiding).
 27495 | Abyss:2  | 27495 ||| Stepping ~*~*~tactically~*~*~ (hiding).
 27513 | Abyss:2  | 27513 ||| Stepping ~*~*~tactically~*~*~ (hiding).
 27514 | Abyss:2  | 27514 ||| INVOKING Trog's Hand.
 27523 | Abyss:2  | 27523 ||| INVOKING Trog's Hand.
 27564 | Abyss:2  | 27564 ||| Stepping ~*~*~tactically~*~*~ (stealth).
 27583 | Abyss:2  | 27583 ||| Stepping ~*~*~tactically~*~*~ (stealth).
 27639 | Abyss:2  | 27639 ||| Stepping ~*~*~tactically~*~*~ (stealth).
 27659 | Abyss:2  | 27659 ||| Stepping ~*~*~tactically~*~*~ (stealth).
 27660 | Abyss:2  | 27660 ||| Stepping ~*~*~tactically~*~*~ (stealth).
 27661 | Abyss:2  | 27661 ||| Stepping ~*~*~tactically~*~*~ (stealth).
 27663 | Abyss:2  | 27663 ||| Stepping ~*~*~tactically~*~*~ (hiding).
 27664 | Abyss:2  | 27664 ||| Stepping ~*~*~tactically~*~*~ (hiding).
 27665 | Abyss:2  | 27665 ||| Stepping ~*~*~tactically~*~*~ (stealth).
 27688 | Abyss:2  | HP: 37/155 [raiju/living lightning (18)]
 27689 | Abyss:2  | 27689 ||| READING 4 scrolls of teleportation.
 27690 | Abyss:2  | 27690 ||| INVOKING Berserk.
 27704 | Abyss:2  | 27704 ||| INVOKING Trog's Hand.
 27706 | Abyss:2  | HP: 36/155 [raiju/living lightning (9)]
 27707 | Abyss:2  | 27707 ||| READING 3 scrolls of teleportation.
 27715 | Abyss:2  | 27715 ||| INVOKING Trog's Hand.
 27731 | Abyss:2  | 27731 ||| Stepping ~*~*~tactically~*~*~ (stealth).
 27733 | Abyss:2  | 27733 ||| INVOKING Trog's Hand.
 27746 | Abyss:2  | 27746 ||| INVOKING Trog's Hand.
 27783 | Abyss:2  | 27783 ||| Stepping ~*~*~tactically~*~*~ (stealth).
 27786 | Abyss:2  | 27786 ||| Stepping ~*~*~tactically~*~*~ (stealth).
 27813 | Abyss:2  | 27813 ||| Stepping ~*~*~tactically~*~*~ (hiding).
 27854 | Abyss:2  | 27854 ||| INVOKING Trog's Hand.
 27864 | Abyss:2  | 27864 ||| Stepping ~*~*~tactically~*~*~ (stealth).
 27869 | Snake:2  | Escaped the Abyss
 27870 | Snake:2  | 27870 ||| INVOKING Berserk.
 27876 | Snake:2  | Killed Agnes
 27977 | Snake:2  | 27977 ||| Stepping ~*~*~tactically~*~*~ (hiding).
 27980 | Snake:2  | 27980 ||| INVOKING Berserk.
 28192 | Snake:2  | 28192 ||| Stepping ~*~*~tactically~*~*~ (hiding).
 28208 | Snake:2  | 28208 ||| Stepping ~*~*~tactically~*~*~ (stealth).
 28209 | Snake:2  | 28209 ||| Stepping ~*~*~tactically~*~*~ (stealth).
 28211 | Snake:2  | 28211 ||| Stepping ~*~*~tactically~*~*~ (hiding).
 28276 | Snake:2  | 28276 ||| INVOKING Berserk.
 28283 | Snake:2  | 28283 ||| Stepping ~*~*~tactically~*~*~ (stealth).
 28434 | Snake:2  | 28434 ||| INVOKING Berserk.
 28502 | Snake:2  | 28502 ||| Stepping ~*~*~tactically~*~*~ (stealth).
 28766 | Snake:2  | Identified Roxanne's Folio of Stones
 28766 | Snake:2  | Noticed Roxanne
 28768 | Snake:2  | 28768 ||| INVOKING Berserk.
 28791 | Snake:2  | Killed Roxanne
 28960 | Snake:2  | Noticed Asterion
 28964 | Snake:2  | 28964 ||| INVOKING Berserk.
 28977 | Snake:2  | Killed Asterion
 29231 | Snake:3  | 29231 ||| INVOKING Berserk.
 29364 | Snake:3  | 29364 ||| Stepping ~*~*~tactically~*~*~ (hiding).
 29542 | Snake:3  | 29542 ||| Stepping ~*~*~tactically~*~*~ (hiding).
 29546 | Snake:3  | 29546 ||| INVOKING Berserk.
 30015 | Snake:3  | 30015 ||| Stepping ~*~*~tactically~*~*~ (hiding).
 30018 | Snake:3  | 30018 ||| INVOKING Berserk.
 30517 | Snake:3  | 30517 ||| PLANNING SWAMP:1-3
 30517 | Snake:3  | 30517 ||| DROPPING +1 pair of gloves.
 30518 | Snake:3  | 30518 ||| DROPPING +2 hat.
 30622 | Swamp:1  | Entered Level 1 of the Swamp
 30635 | Swamp:1  | Reached XP level 17. HP: 161/161 MP: 16/16
 30650 | Swamp:1  | 30650 ||| INVOKING Berserk.
 30721 | Swamp:1  | 30721 ||| Stepping ~*~*~tactically~*~*~ (hiding).
 30722 | Swamp:1  | 30722 ||| Stepping ~*~*~tactically~*~*~ (hiding).
 30795 | Swamp:1  | 30795 ||| INVOKING Berserk.
 30939 | Swamp:1  | 30939 ||| Stepping ~*~*~tactically~*~*~ (hiding).
 31086 | Swamp:1  | 31086 ||| INVOKING Berserk.
 31242 | Swamp:1  | 31242 ||| INVOKING Berserk.
 31255 | Swamp:1  | 31255 ||| Stepping ~*~*~tactically~*~*~ (stealth).
 31256 | Swamp:1  | 31256 ||| Stepping ~*~*~tactically~*~*~ (stealth).
 31710 | Swamp:2  | Noticed Louise
 31711 | Swamp:2  | 31711 ||| INVOKING Trog's Hand.
 31712 | Swamp:2  | 31712 ||| STAIRDANCE
 31734 | Swamp:2  | 31734 ||| STAIRDANCE
 31739 | Swamp:1  | Reached skill level 18 in Fighting
 31743 | Swamp:2  | 31743 ||| INVOKING Trog's Hand.
 31746 | Swamp:2  | 31746 ||| INVOKING Berserk.
 31770 | Swamp:2  | Killed Louise
 31877 | Swamp:2  | 31877 ||| INVOKING Berserk.
 32045 | Swamp:2  | 32045 ||| Stepping ~*~*~tactically~*~*~ (hiding).
 32077 | Swamp:2  | 32077 ||| Stepping ~*~*~tactically~*~*~ (water).
 32234 | Swamp:2  | 32234 ||| Stepping ~*~*~tactically~*~*~ (stealth).
 32235 | Swamp:2  | 32235 ||| Stepping ~*~*~tactically~*~*~ (stealth).
 32238 | Swamp:2  | 32238 ||| INVOKING Berserk.
 32376 | Swamp:2  | 32376 ||| Stepping ~*~*~tactically~*~*~ (hiding).
 32377 | Swamp:2  | 32377 ||| Stepping ~*~*~tactically~*~*~ (hiding).
 32489 | Swamp:2  | 32489 ||| Stepping ~*~*~tactically~*~*~ (hiding).
 32492 | Swamp:2  | 32492 ||| INVOKING Berserk.
 32502 | Swamp:2  | 32502 ||| SWAPPING to +3 war axe of flaming.
 32508 | Swamp:2  | 32508 ||| SWAPPING to +6 war axe "Zilarph" {drain, Contam
                  | rC+ SInv}.
 32906 | Swamp:3  | 32906 ||| Stepping ~*~*~tactically~*~*~ (water).
 32907 | Swamp:3  | 32907 ||| INVOKING Berserk.
 33063 | Swamp:3  | 33063 ||| Stepping ~*~*~tactically~*~*~ (stealth).
 33120 | Swamp:3  | 33120 ||| INVOKING Berserk.
 33326 | Swamp:3  | 33326 ||| INVOKING Berserk.
 33528 | Swamp:3  | 33528 ||| INVOKING Berserk.
 33683 | Swamp:3  | 33683 ||| PLANNING SNAKE:4
 33810 | Snake:4  | Entered Level 4 of the Snake Pit
 33869 | Snake:4  | 33869 ||| Stepping ~*~*~tactically~*~*~ (hiding).
 33879 | Snake:4  | 33879 ||| Stepping ~*~*~tactically~*~*~ (hiding).
 33987 | Snake:4  | 33987 ||| Stepping ~*~*~tactically~*~*~ (hiding).
 33988 | Snake:4  | 33988 ||| Stepping ~*~*~tactically~*~*~ (hiding).
 34010 | Snake:4  | 34010 ||| Stepping ~*~*~tactically~*~*~ (stealth).
 34021 | Snake:4  | Noticed Vashnia
 34022 | Snake:4  | 34022 ||| Stepping ~*~*~tactically~*~*~ (hiding).
 34023 | Snake:4  | 34023 ||| Stepping ~*~*~tactically~*~*~ (hiding).
 34025 | Snake:4  | 34025 ||| Stepping ~*~*~tactically~*~*~ (hiding).
 34035 | Snake:4  | Reached skill level 9 in Throwing
 34051 | Snake:4  | 34051 ||| Stepping ~*~*~tactically~*~*~ (hiding).
 34053 | Snake:4  | 34053 ||| Stepping ~*~*~tactically~*~*~ (hiding).
 34056 | Snake:4  | 34056 ||| INVOKING Berserk.
 34075 | Snake:4  | Killed Vashnia
 34087 | Snake:4  | 34087 ||| INVOKING Brothers in Arms.
 34095 | Snake:4  | 34095 ||| INVOKING Brothers in Arms.
 34110 | Snake:4  | 34110 ||| INVOKING Brothers in Arms.
 34111 | Snake:4  | 34111 ||| INVOKING Brothers in Arms.
 34115 | Snake:4  | HP: 41/168 [constriction (6)]
 34120 | Snake:4  | HP: 41/168 [poisoned by a salamander]
 34269 | Snake:4  | 34269 ||| Stepping ~*~*~tactically~*~*~ (hiding).
 34270 | Snake:4  | 34270 ||| Stepping ~*~*~tactically~*~*~ (hiding).
 34296 | Snake:4  | 34296 ||| Stepping ~*~*~tactically~*~*~ (hiding).
 34298 | Snake:4  | 34298 ||| Stepping ~*~*~tactically~*~*~ (hiding).
 34412 | Snake:4  | Got a serpentine rune of Zot
 34562 | Snake:4  | 34562 ||| INVOKING Berserk.
 34562 | Snake:4  | HP: 55/252 [naga warrior/+0 trident (21)]
 34567 | Snake:4  | HP: 52/252 [poisoned by a naga warrior (splash of poison)]
 34576 | Snake:4  | Reached XP level 18. HP: 61/176 MP: 17/17
 34672 | Snake:4  | 34672 ||| DROPPING +3 war axe of flaming.
 34829 | Snake:4  | 34829 ||| Stepping ~*~*~tactically~*~*~ (hiding).
 34833 | Snake:4  | 34833 ||| Stepping ~*~*~tactically~*~*~ (hiding).
 35118 | Snake:4  | 35118 ||| PLANNING VAULTS:1-4
 35344 | D:13     | 35344 ||| FLEEEEING.
 35349 | D:13     | 35349 ||| FLEEEEING.
 35381 | Vaults:1 | Entered Level 1 of the Vaults
 35382 | Vaults:1 | 35382 ||| INVOKING Trog's Hand.
 35388 | Vaults:1 | 35388 ||| INVOKING Brothers in Arms.
 35389 | Vaults:1 | 35389 ||| INVOKING Brothers in Arms.
 35392 | Vaults:1 | Reached skill level 18 in Armour
 35791 | Vaults:1 | 35791 ||| INVOKING Trog's Hand.
 35800 | Vaults:1 | 35800 ||| Stepping ~*~*~tactically~*~*~ (hiding).
 35801 | Vaults:1 | 35801 ||| Stepping ~*~*~tactically~*~*~ (hiding).
 35943 | Vaults:1 | 35943 ||| Stepping ~*~*~tactically~*~*~ (stealth).
 36001 | Vaults:1 | 36001 ||| Stepping ~*~*~tactically~*~*~ (stealth).
 36004 | Vaults:1 | 36004 ||| Stepping ~*~*~tactically~*~*~ (stealth).
 36035 | Vaults:1 | 36035 ||| Stepping ~*~*~tactically~*~*~ (stealth).
 36037 | Vaults:1 | 36037 ||| INVOKING Trog's Hand.
 36184 | Vaults:1 | Found a runed translucent gate.
 36184 | Vaults:1 | Found a runed translucent gate.
 36184 | Vaults:1 | Found a runed translucent gate.
 36184 | Vaults:1 | Identified the +1 plate armour of the Goldsmith {Harm}
 36184 | Vaults:1 | Noticed Tang's ghost (master DsGl)
 36192 | Vaults:1 | 36192 ||| INVOKING Trog's Hand.
 36193 | Vaults:1 | 36193 ||| INVOKING Brothers in Arms.
 36198 | Vaults:1 | 36198 ||| INVOKING Berserk.
 36204 | Vaults:1 | HP: 42/267 [ironbound frostheart/creeping frost (28)]
 36209 | Vaults:1 | HP: 22/267 [ironbound frostheart/creeping frost (14)]
 36213 | Vaults:1 | HP: 4/267 [ironbound frostheart/creeping frost (21)]
 36215 | Vaults:1 | Killed from afar by an ironbound frostheart

Levels and vault maps discovered:
D:1:      ldierk_water_garden, layout_rooms, hellmonk_ecumenical_altar_run_dry,
          serial_corexii_hall, chequers_hall_statues_corner_a,
          chequers_hall_statues_wall_a, minmay_misc_feat_cross
D:2:      layout_rooms, uniq_sigmund
D:3:      layout_basic, minivault_5
D:4:      layout_loops_ring, portal_sewer_entry_a
D:5:      layout_rooms, uniq_duvessa
D:6:      layout_rooms
D:7:      minmay_the_grid_octo_tiled_squarecenter [minmay_the_grid_octo_chip,
          minmay_the_grid_octo_odd_swirl, minmay_the_grid_octo_checkerflower,
          minmay_the_grid_octo_fan_narrow,
          minmay_the_grid_square_5x5_megaprize_hollow,
          minmay_the_grid_square_5x5_almost_minimal,
          minmay_the_grid_square_5x5_three_small,
          minmay_the_grid_square_5x5_intrusive_squares,
          minmay_the_grid_square_5x5_tie], layout_loops_cross,
          grunt_dithmenos_smoke_and_mirrors, temple_green,
          minmay_shattered_shrine, uniq_pikel, uniq_prince_ribbit1, uniq_maggie
D:8:      layout_basic, minmay_misc_feat_tiny, uniq_erica
D:9:      nicolae_cairo_tiling_large, layout_loops_corners, lair_entry_dummy,
          serial_bayou_lake_a, uniq_gastronok
D:10:     layout_long_grid
D:11:     layout_roguey [special_room_bee], serial_demonic, serial_demonic_c,
          serial_demonic_c, serial_demonic_f, serial_demonic_e, st_stairs_1,
          nemelex_lonely_heart_becter, uniq_maurice
D:12:     layout_gridville, orc_0_dummy
D:13:     layout_gridville, grunt_vaults_entry_fortified,
          chequers_serial_rivers_marsh, st_stairs_6, small_statue_intersection
D:14:     layout_irregular_city, gammafunk_ghost_stat_death,
          amcnicky_mini_rare_corridor_liquid, uniq_jorgrun
D:15:     grunt_enter_depths_snipers, layout_stronghold,
          nicolae_ashenzari_panopticon, elyvilon_altar_5
Lair:1:   layout_roguey, beast_lair_carwin_7
Lair:2:   layout_roguey, swamp_mist, guppyfry_snake_entry_island,
          gauntlet_entry_generic, beast_lair_carwin_1, lemuel_fruit_tree,
          uniq_urug, uniq_fannar
Lair:3:   layout_regular_city, uniq_josephine
Lair:4:   layout_regular_city, slime_entry_1, serial_bayou_pond_c, st_stairs_11
Lair:5:   evilmike_catoblepas_cave, layout_loops_ring, hibernation_bobbens,
          serial_bayou_shore_b, infiniplex_staircase_pool, lemuel_fruit_fields
Swamp:1:  layout_basic_swamp, evilmike_swamp_ruin_house_3, swamp_pool5,
          nicolae_swamp_little_tower
Swamp:2:  layout_basic_swamp, nicolae_swamp_very_dense_foliage, uniq_louise
Swamp:3:  layout_falls_marsh, evilmike_swamp_ruin_rubble_2, swamp_pool5
Snake:1:  layout_gridlike, grunt_megastairs_1, uniq_aizul, uniq_mlioglotl
Snake:2:  nicolae_cobra_stairs, layout_basic, nicolae_snake_snake_lake,
          nicolae_shop_sticking_my_neck_out, uniq_asterion, uniq_agnes,
          uniq_roxanne
Snake:3:  layout_basic, nrook_guardian_serpent_ordinary
Snake:4:  johnstein_snake_rune_scales, layout_cave_shapes, nicolae_integral_box
Orc:1:    layout_caves, serial_shops, nicolae_shop_overgrown_old_shop,
          nicolae_shop_trees, nicolae_shop_stone, basic_altar
Orc:2:    grunt_orc_community_town_hall, layout_caves,
          grunt_orc_community_big_house_2, grunt_orc_community_big_house_1,
          grunt_orc_community_house_2, grunt_orc_community_house_2,
          grunt_orc_community_house_1, grunt_orc_community_house_2,
          grunt_orc_community_house_2, grunt_orc_community_house_1, uniq_rupert
Vaults:1: biasface_ghost_orc_armoury, v_misc_23, vaults_mumra_hex,
          hangedman_vaults_cutoff, vaults_room_semicircle,
          nicolae_vaults_network_star, nicolae_vaults_sealed_display,
          vaults_room_door_ring, v_rooms_4, ontoclasm_vaults_ring_small,
          grunt_vaults_bifocal, vaults_mumra_hexcomb,
          nicolae_vaults_ring_of_whatevers, nicolae_vaults_asterisk,
          nicolae_vaults_murderbox, ontoclasm_vaults_hangar,
          vaults_dpeg_emergency_exit, layout_vaults_big_cross, serial_shops

Skill      XL: |  1  2  3  4  5  6  7  8  9 10 11 12 13 14 15 16 17 18 |
---------------+-------------------------------------------------------+-----
Axes           | 4 5 7 9 10 12 14 17 18 | 18.1
Fighting       | 4 5 15 17 19 20 | 20.0
Armour         | 4 5 7 9 12 14 16 17 18 | 18.0
Throwing       | 1 3 6 7 8 9 |  9.0
Dodging        | 3 4 6 7 8 9 10 11 | 11.0
Shields        | 12 15 18 19 20 | 20.5

Action                   |  1- 3 |  4- 6 |  7- 9 | 10-12 | 13-15 | 16-18 || total
-------------------------+-------+-------+-------+-------+-------+-------++-------
Melee: Hand axe          |    44 |    89 |       |       |       |       ||   133
       Headbutt          |     9 |    19 |    36 |    83 |   198 |   264 ||   609
       Punch             |     1 |       |     2 |     2 |       |       ||     5
       War axe           |       |    29 |   191 |    64 |   855 |  1048 ||  2187
       Morningstar       |       |       |       |    14 |    17 |       ||    31
       Broad axe         |       |       |       |   356 |    43 |       ||   399
Throw: Boomerang         |       |    18 |    43 |    42 |     4 |       ||   107
       Javelin           |       |       |       |    21 |   172 |    42 ||   235
Invok: Berserk           |     1 |     3 |     7 |    21 |    35 |    28 ||    95
       Brothers in Arms  |       |       |       |     3 |    10 |     9 ||    22
       Trog's Hand       |       |       |       |       |     6 |    13 ||    19
  Use: Scroll            |     3 |     7 |     6 |     7 |    10 |     6 ||    39
       Potion            |       |     2 |     4 |     2 |     5 |       ||    13
 Stab: Invisible         |       |       |       |     7 |       |       ||     7
Armor: Animal skin       |     7 |     1 |       |       |       |       ||     8
       Chain mail        |       |     8 |   116 |   182 |   210 |       ||   516
       Robe              |       |     4 |       |       |       |       ||     4
       Plate armour      |       |       |       |       |    60 |   234 ||   294
Dodge: Dodged            |    32 |    46 |    68 |   161 |   201 |   291 ||   799
Block: Kite shield       |       |       |       |       |   214 |       ||   214
       Tower shield      |       |       |       |       |   449 |  1100 ||  1549

Table legend:
 A = Non-vault XP
 B = Vault XP
 C = Vault XP percentage of total XP
 D = Non-vault monster count
 E = Vault monster count
 F = Vault count percentage of total count
                 A         B        C        D         E       F
            +---------+---------+-------+---------+---------+-------
      Total |  208535 |  123049 |  37.1 |     721 |     342 |  32.2
            +---------+---------+-------+---------+---------+-------
        D:1 |      38 |       0 |   0.0 |      19 |       0 |   0.0
        D:2 |     112 |     239 |  68.1 |      16 |       1 |   5.9
        D:3 |     140 |       0 |   0.0 |      28 |       0 |   0.0
        D:4 |     299 |      31 |   9.4 |      18 |       6 |  25.0
        D:5 |     317 |     207 |  39.5 |      11 |       2 |  15.4
        D:6 |     790 |       0 |   0.0 |      17 |       0 |   0.0
        D:7 |     871 |    6355 |  87.9 |      15 |      35 |  70.0
        D:8 |     368 |     847 |  69.7 |       8 |       1 |  11.1
        D:9 |    2467 |    1518 |  38.1 |      23 |       1 |   4.2
       D:10 |    2279 |       0 |   0.0 |      17 |       0 |   0.0
       D:11 |    2800 |    4577 |  62.0 |      26 |      33 |  55.9
       D:12 |    6578 |       0 |   0.0 |      20 |       0 |   0.0
       D:13 |    3774 |    5066 |  57.3 |      19 |       9 |  32.1
       D:14 |    8475 |    1886 |  18.2 |      17 |       1 |   5.6
       D:15 |    5756 |    2701 |  31.9 |      13 |       3 |  18.8
     Lair:1 |    3217 |    1582 |  33.0 |      12 |      11 |  47.8
     Lair:2 |    3924 |    3250 |  45.3 |      20 |      10 |  33.3
     Lair:3 |    5724 |    1767 |  23.6 |      21 |       5 |  19.2
     Lair:4 |    8082 |     864 |   9.7 |      24 |       1 |   4.0
     Lair:5 |   12163 |   10287 |  45.8 |      43 |      23 |  34.8
    Swamp:1 |   11212 |     409 |   3.5 |      20 |       3 |  13.0
    Swamp:2 |   12845 |    1194 |   8.5 |      29 |       1 |   3.3
    Swamp:3 |    9797 |     402 |   3.9 |      16 |       3 |  15.8
    Snake:1 |   19054 |    3932 |  17.1 |      39 |       4 |   9.3
    Snake:2 |   20314 |   16811 |  45.3 |      40 |      20 |  33.3
    Snake:3 |   11126 |     863 |   7.2 |      17 |       2 |  10.5
    Snake:4 |   18903 |   22389 |  54.2 |      37 |      34 |  47.9
      Orc:1 |    2811 |       0 |   0.0 |      44 |       0 |   0.0
      Orc:2 |    6560 |    8297 |  55.8 |      40 |      81 |  66.9
   Vaults:1 |   16475 |   24053 |  59.3 |      23 |      31 |  57.4
    Abyss:2 |   11264 |       0 |   0.0 |      29 |       0 |   0.0
      Sewer |       0 |     151 | 100.0 |       0 |       6 | 100.0
   Gauntlet |       0 |    3371 | 100.0 |       0 |      15 | 100.0
            +---------+---------+-------+---------+---------+-------
